Map: Temple gelé

Players

hinO - Winner!

  • Race: Zerg Zerg
  • League: Master
  • Spawn Location: 5:00

Xaoras

  • Race: Zerg Zerg
  • League: Master
  • Spawn Location: 11:00

VOD

Have the link to the VOD?

Description

Time

  • Played on: Sept. 29, 2016, 11:25 a.m.
  • Length: 3:33
Show
View Real Time Build Order
Export as new Build Order

hinO Zerg - Winner!

Build Orders: Pool Only 

Get SALT Encoding   

  12  0:01  Drone  
  13  0:22  Spawning Pool  
  13  0:26  Drone  
  13  0:30  Drone  
  14  0:35  Extractor  
  14  0:41  Drone  
  14  0:50  Overlord  
  14  1:09  Zergling x6  
  17  1:21  Zergling x2  
  18  1:27  Queen  
  20  1:33  Zergling x2  
  21  1:42  Zergling x2  
  21  1:44  Metabolic Boost  
  22  1:54  Overlord  
  22  2:05  Baneling Nest  
  22  2:06  Zergling x2  
  22  2:18  Zergling x2  
  23  2:28  Zergling x2  
  24  2:36  Zergling x6  
  27  2:44  Zergling x2  
  28  2:53  Baneling x4  
  28  2:56  Baneling  
  28  2:58  Baneling  
  27  3:04  Zergling x4  
  29  3:10  Baneling  
Show
View Real Time Build Order
Export as new Build Order

Xaoras Zerg 

Build Orders: Hatch First 

Get SALT Encoding   

  12  0:03  Drone  
  13  0:14  Overlord  
  13  0:17  Drone  
  14  0:24  Drone, Extractor  
  15  0:33  Drone  
  16  0:36  Drone  
  17  0:54  Hatchery  
  17  0:55  Drone  
  17  0:59  Drone  
  18  1:06  Extractor  
  17  1:14  Spawning Pool  
  17  1:17  Drone  
  17  1:21  Drone  
  18  1:32  Drone  
  19  1:43  Drone  
  20  1:55  Drone  
  21  2:07  Queen  
  21  2:08  Zergling x4  
  27  2:17  Zergling x2  
  27  2:39  Spine Crawler  
  24  2:45  Baneling Nest  
  24  2:46  Zergling x4  
  24  2:58  Zergling x4  
  27  3:03  Zergling x2  
Tags
 
Add a new tag
Caveats
  • Supply blocks, unpowered buildings, or Contaminate may cause inaccurate times.
  • Supply counts are checked every 10 seconds.